 Dungeon Crawl Stone Soup version 0.16-a0-2736-g1697cd3 (webtiles) character file.

305 PolkaDot the Skirmisher (level 6, -2/51 HPs)
             Began as a Vampire Summoner on Nov 26, 2014.
             Shot with an arrow by a centaur (8 damage)
             ... on level 4 of the Dungeon.
             The game lasted 00:09:05 (4842 turns).

PolkaDot the Skirmisher (Vampire Summoner)          Turns: 4842, Time: 00:09:05

Health: -2/51      AC:  4    Str: 12    XL:     6   Next: 15%
Magic:  11/19      EV: 11    Int: 24    God:
Gold:   201        SH:  0    Dex: 14    Spells: 3 memorised, 3 levels left

rFire  . . .     SeeInvis +     q - +0 spear
rCold  . . .     Clarity  .     j - +0 leather armour
rNeg   . . .     SustAb   +     (no shield)
rPois  .         Gourm    .     (no helmet)
rElec  .         Spirit   .     (no cloak)
rCorr  .         Warding  .     i - +0 pair of gloves
rMut   .         Stasis   .     (no boots)
MR     .....                    (no amulet)
Stlth  ++........               u - ring of sustain abilities
                                l - ring of magical power

@: mighty, brilliant, flying, regenerating quickly, not resistant to hostile
enchantments, unstealthy
A: bottle blood, fangs 3, see invisible, deterioration 1, wild magic 1,
unbreathing
a: no special abilities


You were on level 4 of the Dungeon.
You were very full.

You visited 1 branch of the dungeon, and saw 4 of its levels.

You collected 201 gold pieces.

Inventory:

Hand weapons
 q - a +0 spear (weapon)
Armour
 i - a +0 pair of gloves (worn)
 j - a +0 leather armour (worn)
Jewellery
 d - an uncursed amulet of stasis
 l - a ring of magical power (left hand)
 u - a ring of sustain abilities (right hand)
Magical devices
 e - a wand of cold (10)
Scrolls
 c - 2 scrolls of remove curse
 f - 2 scrolls of teleportation
 g - a scroll of recharging
 m - a scroll of enchant armour {unknown}
 s - a scroll of magic mapping {unknown}
Potions
 a - a potion of cure mutation {!q}
Books
 b - a book of Callings

   Spells                             Type                      Level
   *Summon Small Mammal               Summoning                    1
   *Call Imp                          Summoning                    2
   *Call Canine Familiar              Summoning                    3
   Summon Guardian Golem              Hexes/Summoning              4
   Summon Lightning Spire             Summoning/Air                4
   Summon Ice Beast                   Ice/Summoning                4


   Skills:
 + Level 5.5 Fighting
 - Level 2.1 Dodging
 - Level 3.0 Stealth
 - Level 2.0 Spellcasting
 - Level 4.0 Summonings


You had 3 spell levels left.
You knew the following spells:

 Your Spells              Type           Power        Failure   Level  Hunger
a - Summon Small Mammal   Summ           ####         1%          1    #......
d - Call Canine Familiar  Summ           ######..     2%          3    ###....
s - Call Imp              Summ           ######..     1%          2    ##.....


Dungeon Overview and Level Annotations

Branches:
Dungeon (4/15)
 Temple: D:4-7

Altars:


Innate Abilities, Weirdness & Mutations

Your natural rate of healing is unusually fast.
You can bottle blood from corpses.
You have razor-sharp teeth.
You have supernaturally acute eyesight.
You can survive without breathing.
Your body is slowly deteriorating.
Your spells are a little harder to cast, but a little more powerful.


Message History

It was a potion of mutation.
The centaur shoots an arrow.
The arrow hits your crimson imp!
Unknown command.
Drink which item? (? for menu, Esc to quit)
You feel better.
It was a potion of curing.
The centaur shoots an arrow.
The arrow hits your crimson imp!
Your crimson imp dies!
Drink which item? (? for menu, Esc to quit)
You feel very mighty all of a sudden.
It was a potion of might.
Your crimson imp blinks!
The centaur shoots an arrow.
The arrow hits you.
* * * LOW HITPOINT WARNING * * *
Drink which item? (? for menu, Esc to quit)
You feel very buoyant.
You fly up into the air.
It was a potion of flight.
The centaur shoots an arrow.
The arrow barely misses your shadow imp.
The arrow hits you!
You die...

##...## #...##
.....## #.....# ..
..c.# #.?....
#...5..## ##......
#.. .(..## ##.....
#...5...#####...##
#.#ยง.........!..##
#.(?......<5....#
#@.....######...#
##......## #....
##...>....# ###....
#.........###.....##
##................#
##(....#......#..#
##...##...####
#...##...#
#..###..##


You could see a centaur, a friendly crimson imp and a friendly shadow imp.

Vanquished Creatures
  Natasha (D:3)
  3 adders
  A gnoll (D:1)
  A worm (D:2)
  2 giant geckos
  An ooze (D:1)
  2 orcs
  3 ball pythons
  4 giant cockroaches
  6 goblins
  8 hobgoblins
  2 quokkas (D:2)
  6 bats
  5 giant newts
  7 kobolds
  7 rats
59 creatures vanquished.

Vanquished Creatures (collateral kills)
  Grinder (D:3)
  An iguana (D:4)
  A worker ant (D:4)
  Terence (D:3)
  4 adders
  2 worms
  An orc (D:4)
  A giant cockroach (D:1)
  3 goblins (D:1)
  2 hobgoblins
  A bat (D:1)
  A giant newt (D:1)
  A rat (D:2)
20 creatures vanquished.

Vanquished Creatures (others)
  A wolf (D:4)
  A crimson imp (D:4)
  A hound (D:4)
  Natasha (D:3)
  2 quokkas (D:3)
  A bat (D:1)
  A rat (D:1)
8 creatures vanquished.

Grand Total: 87 creatures vanquished

Notes
Turn   | Place    | Note
--------------------------------------------------------------
     0 | D:1      | PolkaDot, the Vampire Summoner, began the quest for the Orb.
     0 | D:1      | Reached XP level 1. HP: 13/13 MP: 3/3
   171 | D:1      | Reached skill level 1 in Fighting
   259 | D:1      | Reached XP level 2. HP: 5/21 MP: 1/4
   697 | D:1      | Learned a level 2 spell: Call Imp
   710 | D:1      | Reached XP level 3. HP: 10/28 MP: 0/6
  1310 | D:1      | Learned a level 3 spell: Call Canine Familiar
  2015 | D:2      | Reached XP level 4. HP: 14/35 MP: 0/7
  2593 | D:3      | Noticed Terence
  2738 | D:3      | Killed Terence
  2872 | D:3      | Noticed Grinder
  2886 | D:3      | Killed Grinder
  2886 | D:3      | Reached XP level 5. HP: 19/43 MP: 4/9
  3080 | D:3      | Noticed Natasha
  3086 | D:3      | Killed Natasha
  3086 | D:3      | Reached skill level 5 in Fighting
  3190 | D:3      | Noticed Natasha
  3197 | D:3      | Killed Natasha
  4565 | D:4      | Reached XP level 6. HP: 47/51 MP: 10/10
  4833 | D:4      | Noticed a centaur
  4839 | D:4      | Gained mutation: Your spells are a little harder to cast, but a little more powerful. [potion of mutation]
  4839 | D:4      | Gained mutation: Your body is slowly deteriorating. [potion of mutation]
  4842 | D:4      | Shot with an arrow by a centaur

Action                   |  1- 3 |  4- 6 || total
-------------------------+-------+-------++-------
Melee: Unarmed           |    55 |       ||    55
       Short sword       |    89 |    30 ||   119
       Spear             |       |   119 ||   119
 Cast: Summon Small Mamm |    15 |     9 ||    24
       Call Imp          |     6 |    21 ||    27
       Call Canine Famil |     3 |    10 ||    13
  Use: Potion            |     5 |     5 ||    10
       Scroll            |       |     7 ||     7
 Stab: Sleeping          |     5 |     7 ||    12
       Distracted        |     1 |     1 ||     2
  Eat: Corpse            |     8 |    20 ||    28
